 Dungeon Crawl Stone Soup version 0.20-a0-2-g2b0e13a (webtiles) character file.

352 pokedragonboy the Shield-Bearer (level 6, -2/49 HPs)
             Began as a Formicid Fighter on Oct 30, 2016.
             Was an Initiate of Cheibriados.
             Killed by nerve-wracking pain
             ... invoked by Grinder
              (9 damage)
             ... on level 4 of the Dungeon.
             The game lasted 00:05:50 (3433 turns).

pokedragonboy the Shield-Bearer (Formicid Fighter)  Turns: 3433, Time: 00:05:51

Health: -2/49      AC: 12    Str: 22    XL:     6   Next: 94%
Magic:  6/6        EV:  5    Int:  9    God:    Cheibriados [......]
Gold:   145        SH:  0    Dex: 12    Spells: 0 memorised, 5 levels left

rFire  . . .     SeeInvis +     a - +0 war axe
rCold  . . .     Gourm    .     l - +0 plate armour
rNeg   . . .     Faith    .     c - +0 shield
rPois  .         Spirit   .     (helmet unavailable)
rElec  .         Reflect  .     (no cloak)
rCorr  .         Harm     .     (no gloves)
MR     .....                    (no boots)
Stlth  ..........               (no amulet)
                                (no ring)
                                (no ring)

@: confused, very slow
A: permanent stasis, dig shafts and tunnels, four strong arms, antennae 3
a: Dig, Shaft Self, Bend Time, Renounce Religion


You were on level 4 of the Dungeon.
You worshipped Cheibriados.
Cheibriados was noncommittal.
You were not hungry.

You visited 2 branches of the dungeon, and saw 6 of its levels.

You collected 145 gold pieces.

Inventory:

Hand Weapons
 a - a +0 war axe (weapon)
Armour
 c - a +0 shield (worn)
 l - a +0 plate armour (worn)
Scrolls
 b - a scroll of recharging {unknown}
 e - a scroll of fog
 g - a scroll of enchant weapon {unknown}
 h - a scroll of immolation {unknown}
 i - a scroll of remove curse
 k - a scroll of fear {unknown}
 m - a scroll of amnesia {unknown}
 r - a scroll of identify {unknown}
Potions
 n - a potion of might
 s - a potion of berserk rage
Comestibles
 d - a beef jerky
 f - a bread ration
 j - 2 meat rations


   Skills:
 + Level 4.4 Fighting
 * Level 4.2 Axes
 + Level 4.6 Armour
 + Level 5.3 Shields
 + Level 0.5 Invocations


You had 5 spell levels left.
You didn't know any spells.

Dungeon Overview and Level Annotations

Branches:
Dungeon (5/15)             Temple (1/1) D:4

Altars:
Ashenzari
Cheibriados
Dithmenos
Elyvilon
Fedhas
Hepliaklqana
Kikubaaqudgha
Makhleb
Okawaru
Qazlal
Sif Muna
Uskayaw
Xom
Yredelemnul
Zin
The Shining One

Annotations:
D:4 Grinder


Innate Abilities, Weirdness & Mutations

You are under a permanent stasis effect.
You can dig through walls and to a lower floor.
Your four strong arms can wield two-handed weapons with a shield.
You have a pair of large antennae on your head. (SInv)


Message History

You writhe in agony.
* * * LOW HITPOINT WARNING * * *
Quiver which item? (- for none, * to show all) (? for menu, Esc to quit)
Okay, then.
Quiver which item? (- for none, * to show all) (? for menu, Esc to quit)
Okay, then.
It was a potion of berserk rage.
You cannot go berserk while under stasis.
Grinder hits you.
* * * LOW HITPOINT WARNING * * *
You writhe in agony.
* * * LOW HITPOINT WARNING * * *
It was a potion of cure mutation.
It has a very clean taste.
Grinder hits you but does no damage.
It was a potion of ambrosia.
You are confused.
You feel invigorated. Grinder gestures at you. Pain shoots through your body!
You die...

..........## #..##..#
...........# ##..###.#
...........# ##....####
...........###.##....###
.........)..#.#####....#
.........)....# ###...
.........)...## ###.
.............# ##
......#@(....#
......5#....##
......./...##
.....####...# .....
##..# { .... #... ..#
#... ## ...


You could see Grinder.

Vanquished Creatures
  An ice beast (D:3)
  A hound (D:4)
  2 orc wizards (D:4)
  Jessica (D:2)
  5 adders
  3 gnolls (D:2)
  5 worms
  3 dart slugs
  3 orcs
  5 giant cockroaches
  2 goblins (D:3)
  10 hobgoblins
  A quokka (D:3)
  A ball python (D:2)
  4 bats
  4 frilled lizards
  4 kobolds
  A quokka skeleton (D:4)
  5 rats
61 creatures vanquished.

Notes
Turn   | Place    | Note
-------+----------+-------------------------------------------
     0 | D:1      | pokedragonboy the Formicid Fighter began the quest for the Orb.
     0 | D:1      | Reached XP level 1. HP: 18/18 MP: 1/1
   300 | D:1      | Reached XP level 2. HP: 24/24 MP: 2/2
   315 | D:1      | Reached skill level 4 in Shields
   978 | D:2      | Reached XP level 3. HP: 22/29 MP: 3/3
  1274 | D:2      | Noticed Jessica
  1279 | D:2      | Killed Jessica
  1279 | D:2      | Reached XP level 4. HP: 33/37 MP: 4/4
  1290 | D:2      | Reached XP level 5. HP: 11/42 MP: 5/5
  2324 | D:3      | Found a shattered altar of Ashenzari.
  2682 | D:3      | Noticed an ice beast
  2692 | D:3      | Killed an ice beast
  2692 | D:3      | Reached skill level 5 in Shields
  2692 | D:3      | Reached XP level 6. HP: 39/48 MP: 6/6
  3020 | D:4      | Found a staircase to the Ecumenical Temple.
  3152 | D:5      | Entered Level 5 of the Dungeon
  3211 | Temple   | Entered the Ecumenical Temple
  3347 | Temple   | Became a worshipper of Cheibriados the Contemplative
  3421 | D:4      | Noticed Grinder
  3433 | D:4      | Killed from afar by Grinder

Vault maps used:
D:1:      elethiomel_arrival_maze
D:2:      uniq_jessica
D:3:      cheibrodos_ashenzari_chains
D:4:      nemelex_xobeh_ov_fountains_minmay, first_bread, uniq_grinder
D:5:      bloody_trog, fiery_altar_vehumet, nrook_mini_vaults,
          uniq_prince_ribbit1
Temple:   minmay_freezing_vapour_temple

Skill      XL: |  1  2  3  4  5  6 |
---------------+-------------------+-----
Shields        | 4 5 |  5.3
Axes           | 3 4 |  4.2
Armour         | 4 |  4.6
Fighting       | 4 |  4.4
Invocations    | |  0.5

Action                   |  1- 3 |  4- 6 || total
-------------------------+-------+-------++-------
Melee: War axe           |    63 |   171 ||   234
  Use: Scroll            |     1 |     1 ||     2
       Potion            |       |     5 ||     5
  Eat: Chunk             |     1 |     6 ||     7
       Bread ration      |       |     1 ||     1
Armor: Scale mail        |    25 |       ||    25
       Plate armour      |     2 |   104 ||   106
Dodge: Dodged            |    18 |    31 ||    49
Block: Shield            |    31 |    97 ||   128
